 Dungeon Crawl Stone Soup version 0.29.1-1-gd02db6906a (webtiles) character file.

Game seed: 14975236878599788064

5504 juncz the Frost Mage (level 10, -7/76 HPs)
             Began as a Gnoll Ice Elementalist on Sept 27, 2022.
             Was an Initiate of Ashenzari.
             Mangled by a shadow (20 damage)
             ... on level 9 of the Dungeon.
             The game lasted 00:24:54 (12125 turns).

juncz the Frost Mage (Gnoll Ice Elementalist)      Turns: 12125, Time: 00:24:55

Health: -7/76      AC: 15    Str:  7    XL:     10   Next: 70%
Magic:  13/21      EV: 15    Int: 19    God:    Ashenzari [......]
Gold:   364        SH:  0    Dex: 30    Spells: 14/24 levels left

rFire   . . .      SeeInvis .   f - +0 dagger (venom)
rCold   . . .      Faith    .   (no shield)
rNeg    . . .      Spirit   .   p - +5 ring mail of Indomitability {Dex+5}
rPois   .          Reflect  .   (no helmet)
rElec   .          Harm     .   e - +0 cloak
rCorr   .          Rampage  .   (no gloves)
Will    .....                   E - +2 pair of boots
Stlth   ++++......              (no amulet)
HPRegen 0.22/turn               k - +6 ring of dexterity
MPRegen 0.17/turn               q - +6 ring of dexterity

@: no status effects
A: fangs 1, strong nose, distributed training
a: Renounce Religion, Curse Item


You were on level 9 of the Dungeon.
You worshipped Ashenzari.
Ashenzari was noncommittal.
You visited 2 branches of the dungeon, and saw 10 of its levels.
You also visited: Ossuary.

You collected 364 gold pieces.

Inventory:

Hand Weapons
 f - a +0 dagger of venom (weapon)
 G - a +1 flail of holy wrath
 J - a +1 trident of holy wrath
Armour
 e - a +0 cloak (worn)
 i - +0 steam dragon scales
 p - the +5 ring mail of Indomitability (worn) {Dex+5}
   (You found it on level 3 of the Dungeon)

   Dex:       It affects your dexterity (+5).
 E - a +2 pair of boots (worn)
Jewellery
 a - a ring of fire
 k - a +6 ring of dexterity (left hand)
 q - a +6 ring of dexterity (right hand)
Wands
 F - a wand of flame (17)
Scrolls
 d - 2 scrolls of fear {unknown}
 j - 3 scrolls of immolation {unknown}
 l - 4 scrolls of teleportation {unknown}
 m - 3 scrolls of summoning {unknown}
 s - 4 scrolls of enchant armour {unknown}
 t - 2 scrolls of magic mapping {unknown}
 u - 5 scrolls of identify {unknown}
 w - 3 scrolls of enchant weapon {unknown}
 x - 4 scrolls of poison {unknown}
 y - 2 scrolls of noise {unknown}
 A - 2 scrolls of vulnerability {unknown}
 C - a scroll of acquirement {unknown}
 H - a scroll of amnesia {unknown}
 K - 2 scrolls of silence {unknown}
Potions
 b - a potion of magic
 c - 2 potions of flight {unknown}
 g - 2 potions of ambrosia {unknown}
 h - 6 potions of curing {unknown}
 n - 2 potions of lignification {unknown}
 o - a potion of brilliance {unknown}
 r - 4 potions of attraction {unknown}
 v - 2 potions of degeneration {unknown}
 z - 3 potions of might {unknown}
 B - a potion of heal wounds {unknown}
 D - a potion of mutation {unknown}


   Skills:
 + Level 5.7 Fighting
 + Level 5.7 Short Blades
 + Level 5.7 Long Blades
 + Level 5.7 Axes
 + Level 5.7 Maces & Flails
 + Level 5.7 Polearms
 + Level 5.7 Staves
 + Level 5.7 Ranged Weapons
 + Level 5.7 Throwing
 + Level 5.7 Armour
 + Level 7.4 Dodging
 + Level 7.2 Stealth
 + Level 5.7 Shields
 + Level 5.7 Unarmed Combat
 + Level 7.7 Spellcasting
 + Level 4.7 Conjurations
 + Level 4.7 Hexes
 + Level 4.7 Summonings
 + Level 4.7 Necromancy
 + Level 4.7 Translocations
 + Level 4.7 Transmutations
 + Level 4.7 Fire Magic
 + Level 8.6 Ice Magic
 + Level 4.7 Air Magic
 + Level 4.7 Earth Magic
 + Level 4.7 Poison Magic
 + Level 6.3 Invocations
 + Level 5.7 Evocations


You had 14 spell levels left.
You knew the following spells:

 Your Spells              Type           Power      Damage    Failure   Level
a - Freeze                Ice            100%       1d11      1%          1
b - Frozen Ramparts       Ice            80%        1d13      2%          3
c - Ozocubu's Armour      Ice            40%        N/A       2%          3
d - Stone Arrow           Conj/Erth      50%        3d10      12%         3

Your spell library contained the following spells:

 Spells                   Type           Power      Damage    Failure   Level
 Sandblast                Erth           50%        2d12      4%          1
 Slow                     Hex            100%       N/A       4%          1
 Passwall                 Tmut/Erth      20%        N/A       6%          2
 Confusing Touch          Hex            25%        N/A       12%         3
 Ignite Poison            Fire/Tmut/Pois 25%        N/A       12%         3
 Mephitic Cloud           Conj/Pois/Air  25%        N/A       12%         3
 Vampiric Draining        Necr           25%        2d7       12%         3
 Hailstorm                Conj/Ice       32%        3d8       19%         4
 Airstrike                Air            12%        2d(2-18)  36%         4
 Olgreb's Toxic Radiance  Pois           25%        N/A       36%         4
 Summon Lightning Spire   Summ/Air       25%        N/A       36%         4
 Freezing Cloud           Conj/Ice/Air   15%        6-21      54%         5
 Lightning Bolt           Conj/Air       12%        1d26      73%         5
 Spellforged Servitor     Conj/Summ      12%        N/A       100%        7
 Dragon's Call            Summ           12%        N/A       100%        9


Dungeon Overview and Level Annotations

Branches:
Dungeon (9/15)             Temple (1/1) D:5            Lair (0/5) D:9
Ossuary (visited)
    Orc: D:9-12

Altars:
Ashenzari
Cheibriados
Dithmenos
Fedhas
Gozag
Hepliaklqana
Kikubaaqudgha
Makhleb
Nemelex Xobeh
Okawaru
Qazlal
Ru
Sif Muna
Trog
Uskayaw
Vehumet
Wu Jian
Xom
Yredelemnul
Zin
The Shining One

Shops:
D:2 (   D:7 [


Innate Abilities, Weirdness & Mutations

You have very sharp teeth.
Your uncanny sense of smell can sniff out nearby items.
Your experience applies equally to all skills.


Message History

The orc warrior is almost dead.
The wall freezes the shadow but does no damage.
The shadow barely misses you.
The orc priest invokes the aid of Beogh against you.
Beogh smites you!
The wall freezes the orc warrior.
You kill the orc warrior!
You hit the shadow but do no damage. You punch the shadow.
Your bite misses the shadow.
The shadow is moderately damaged.
The shadow completely resists.
The wall freezes the shadow but does no damage.
The shadow misses you.
The orc priest calls down the wrath of Beogh upon you.
Pain shoots through your body!
You completely miss the shadow. You bite the shadow, but do no damage.
The shadow is moderately damaged.
The wall freezes the shadow but does no damage.
The shadow misses you.
You puncture the shadow! You bite the shadow, but do no damage.
The shadow is heavily damaged.
You barely miss the shadow.
The shadow is heavily damaged.
The shadow completely resists.
The wall freezes the shadow but does no damage.
The shadow misses you.
The orc priest mumbles some strange prayers to Beogh against you.
You struggle to resist.
You hit the shadow.
The shadow is severely damaged.
The frozen ramparts melt away.
The shadow slips into darkness.
The shadow flickers and vanishes!
Deactivating autopickup; reactivate with Ctrl-A.
The orc priest invokes the aid of Beogh against you.
Pain shoots through your body!
* * * LOW HITPOINT WARNING * * *
Your icy armour will break if you move.
Continue?
Your icy armour cracks and falls away as you move.
The shadow strikes at you from the darkness!
You die...

......###'##.#
.....##...##.####...####
......'...#..).#...$...<
......#...#....#........
.....##...#....#........
.....##...#....#........
......#...#....#........
......#...#....#)o......
......#...#....'@{......
.##..##.####.....#####..
.##..##.###..#####..
.#......#....'....._
.#......#....#####..
.#......#........#####
.#......'.............
.#......#........+...
.####...##......##


You could see an orc priest.

Vanquished Creatures
  3 two-headed ogres
  Sigmund (D:4)
  Menkaure (D:6)
  An acid dragon (D:8)
  2 water moccasins (D:7)
  A sky beast (D:7)
  3 orc warriors
  An ice beast (D:5)
  3 ogres
  2 centaurs
  A phantom (D:7)
  3 kobold brigands (D:8)
  3 bullfrogs
  A gnoll sergeant (D:8)
  3 scorpions
  A necrophage (D:6)
  A wight (Ossuary)
  2 howler monkeys
  A human zombie (Ossuary)
  4 centaur zombies (Ossuary)
  3 bullfrog zombies (Ossuary)
  8 orc priests
  3 hounds
  2 gnoll boudas (D:7)
  4 iguanas
  8 orc wizards
  2 ogre zombies (Ossuary)
  22 gnolls
  9 adders
  5 adder zombies (Ossuary)
  A worm (D:2)
  6 dart slugs
  27 orcs
  8 ball pythons
  7 bats
  4 endoplasms
  A giant cockroach (D:1)
  3 gnoll zombies (Ossuary)
  7 hobgoblins
  30 kobolds
  A quokka (D:1)
  5 frilled lizards
  13 goblins
  3 goblin zombies (Ossuary)
  3 orc zombies (Ossuary)
  6 rats
229 creatures vanquished.

Vanquished Creatures (others)
  9 plants (D:1)
9 creatures vanquished.

Grand Total: 238 creatures vanquished

Notes
Turn   | Place    | Note
-------+----------+-------------------------------------------
     0 | D:1      | juncz the Gnoll Ice Elementalist began the quest for the
                  | Orb.
     0 | D:1      | Reached XP level 1. HP: 13/13 MP: 6/6
   236 | D:1      | Reached XP level 2. HP: 19/19 MP: 5/7
   733 | D:1      | Reached skill level 5 in Spellcasting
   733 | D:1      | Reached XP level 3. HP: 24/25 MP: 2/9
   737 | D:1      | Learned a level 3 spell: Frozen Ramparts
   741 | D:1      | Learned a level 3 spell: Ozocubu's Armour
  1040 | D:1      | Reached skill level 1 in Invocations
  1738 | D:2      | Reached skill level 1 in Fighting
  1738 | D:2      | Reached skill level 1 in Short Blades
  1738 | D:2      | Reached skill level 1 in Long Blades
  1738 | D:2      | Reached skill level 1 in Axes
  1738 | D:2      | Reached skill level 1 in Maces & Flails
  1738 | D:2      | Reached skill level 1 in Polearms
  1738 | D:2      | Reached skill level 1 in Staves
  1738 | D:2      | Reached skill level 1 in Ranged Weapons
  1738 | D:2      | Reached skill level 1 in Throwing
  1738 | D:2      | Reached skill level 1 in Armour
  1738 | D:2      | Reached skill level 1 in Shields
  1738 | D:2      | Reached skill level 1 in Unarmed Combat
  1738 | D:2      | Reached skill level 1 in Evocations
  1760 | D:2      | Reached XP level 4. HP: 32/32 MP: 11/11
  1891 | D:2      | Reached skill level 1 in Conjurations
  1891 | D:2      | Reached skill level 1 in Hexes
  1891 | D:2      | Reached skill level 1 in Summonings
  1891 | D:2      | Reached skill level 1 in Necromancy
  1891 | D:2      | Reached skill level 1 in Translocations
  1891 | D:2      | Reached skill level 1 in Transmutations
  1891 | D:2      | Reached skill level 1 in Fire Magic
  1891 | D:2      | Reached skill level 1 in Air Magic
  1891 | D:2      | Reached skill level 1 in Earth Magic
  1891 | D:2      | Reached skill level 1 in Poison Magic
  2136 | D:2      | Reached XP level 5. HP: 37/37 MP: 8/12
  2629 | D:2      | Found Cyupn's Antique Weapon Shop.
  3519 | D:3      | Found a sacrificial altar of Ru.
  3591 | D:3      | Got the Guidebook on Intoxicating Generation
  3869 | D:3      | Noticed a centaur
  3878 | D:3      | Killed a centaur
  3879 | D:3      | Reached skill level 5 in Dodging
  3879 | D:3      | Reached XP level 6. HP: 29/44 MP: 8/14
  3994 | D:3      | Identified the +5 ring mail of Indomitability {Dex+5}
  4345 | D:4      | Found a stormy altar of Qazlal.
  4797 | D:4      | Reached XP level 7. HP: 51/51 MP: 9/15
  4890 | D:4      | Noticed Sigmund
  4902 | D:4      | Killed Sigmund
  4903 | D:4      | Reached skill level 5 in Stealth
  5248 | D:5      | Entered Level 5 of the Dungeon
  5253 | D:5      | Found a sand-covered staircase.
  5322 | Ossuary  | Entered an ossuary
  6110 | Ossuary  | Reached XP level 8. HP: 39/58 MP: 8/16
  6342 | Ossuary  | Noticed a silent spectre
  6586 | D:5      | Found a blossoming altar of Fedhas.
  7157 | D:5      | Found a staircase to the Ecumenical Temple.
  7170 | Temple   | Entered the Ecumenical Temple
  7371 | Temple   | Became a worshipper of Ashenzari the Shackled
  7496 | D:5      | Found a sparkling altar of Nemelex Xobeh.
  8059 | D:6      | Noticed Menkaure
  8071 | D:6      | Killed Menkaure
  8072 | D:6      | Reached XP level 9. HP: 30/65 MP: 7/18
  8833 | D:6      | Reached skill level 8 in Ice Magic
  9328 | D:7      | Reached skill level 5 in Invocations
  9606 | D:7      | Found Zohothav's Armour Emporium.
 10258 | D:8      | Reached skill level 5 in Fighting
 10258 | D:8      | Reached skill level 5 in Short Blades
 10258 | D:8      | Reached skill level 5 in Long Blades
 10258 | D:8      | Reached skill level 5 in Axes
 10258 | D:8      | Reached skill level 5 in Maces & Flails
 10258 | D:8      | Reached skill level 5 in Polearms
 10258 | D:8      | Reached skill level 5 in Staves
 10258 | D:8      | Reached skill level 5 in Ranged Weapons
 10258 | D:8      | Reached skill level 5 in Throwing
 10258 | D:8      | Reached skill level 5 in Armour
 10258 | D:8      | Reached skill level 5 in Shields
 10258 | D:8      | Reached skill level 5 in Unarmed Combat
 10258 | D:8      | Reached skill level 5 in Evocations
 10260 | D:8      | Reached XP level 10. HP: 61/74 MP: 8/20
 10820 | D:8      | Noticed a two-headed ogre
 10827 | D:8      | Killed a two-headed ogre
 11228 | D:8      | Learned a level 3 spell: Stone Arrow
 11464 | D:9      | Noticed a two-headed ogre
 11471 | D:9      | Killed a two-headed ogre
 11962 | D:9      | Noticed a two-headed ogre
 11976 | D:9      | Killed a two-headed ogre
 12043 | D:9      | Found a staircase to the Lair.
 12109 | D:9      | Found a bloodstained altar of Trog.
 12125 | D:9      | Mangled by a shadow

Illustrated notes

Levels and vault maps discovered:
D:1:      co_arrival_square_in_a_square_in_a_square, layout_basic,
          lexackson_kobold_supper
D:2:      layout_basic, serial_shops, shop_statue, nicolae_underground_beach
D:3:      layout_loops_ring, nicolae_ru_awakened_eye, minmay_cut_off
D:4:      layout_gridville, amcnicky_altar_gilded, amcnicky_mini_pool_small,
          kennysheep_generic_room_3, uniq_sigmund
D:5:      layout_loops_ring, fedhas_bush_and_centaur_altar,
          nemelex_diamond_rough_becter, minmay_temple_entry_junction,
          nicolae_ossuary_entry_false_entrances, bh_walls_and_bars
D:6:      layout_loops_cross, uniq_menkaure
D:7:      layout_cave_pools, serial_shops, kennysheep_mini,
          david_defended_altar_orc
D:8:      layout_basic
D:9:      layout_gridville, mainiacjoe_overflow_surrounded_room,
          david_lair_shrubbed, minmay_door_square, nrook_mini_vaults,
          nicolae_concentric_dashed_squares_wild
Temple:   nicolae_temple_slightly_damp_pantheon

Skill      XL: |  1  2  3  4  5  6  7  8  9 10 |
---------------+-------------------------------+-----
Spellcasting   | 5 6 7 |  7.7
Invocations    | 1 2 3 4 5 6 |  6.3
Fighting       | 1 2 3 4 5 |  5.7
Short Blades   | 1 2 3 4 5 |  5.7
Long Blades    | 1 2 3 4 5 |  5.7
Axes           | 1 2 3 4 5 |  5.7
Maces & Flails | 1 2 3 4 5 |  5.7
Polearms       | 1 2 3 4 5 |  5.7
Staves         | 1 2 3 4 5 |  5.7
Ranged Weapons | 1 2 3 4 5 |  5.7
Throwing       | 1 2 3 4 5 |  5.7
Armour         | 1 2 3 4 5 |  5.7
Shields        | 1 2 3 4 5 |  5.7
Unarmed Combat | 1 2 3 4 5 |  5.7
Evocations     | 1 2 3 4 5 |  5.7
Conjurations   | 1 2 3 4 |  4.7
Hexes          | 1 2 3 4 |  4.7
Summonings     | 1 2 3 4 |  4.7
Necromancy     | 1 2 3 4 |  4.7
Translocations | 1 2 3 4 |  4.7
Transmutations | 1 2 3 4 |  4.7
Fire Magic     | 1 2 3 4 |  4.7
Air Magic      | 1 2 3 4 |  4.7
Earth Magic    | 1 2 3 4 |  4.7
Poison Magic   | 1 2 3 4 |  4.7
Dodging        | 5 6 7 |  7.4
Stealth        | 5 6 7 |  7.2
Ice Magic      | 8 |  8.6

Action                   |  1- 3 |  4- 6 |  7- 9 | 10-12 || total
-------------------------+-------+-------+-------+-------++-------
Melee: Dagger            |    17 |    21 |   303 |    32 ||   373
       Bite              |     5 |       |    58 |     5 ||    68
       Punch             |       |       |    17 |     3 ||    20
Throw: Throwing net      |       |       |       |     1 ||     1
 Cast: Freeze            |    34 |    35 |    93 |    34 ||   196
       Frozen Ramparts   |     3 |    14 |    34 |     7 ||    58
       Ozocubu's Armour  |       |     4 |    14 |     5 ||    23
 Stab: Sleeping          |     3 |    11 |    14 |       ||    28
Armor: Robe              |     7 |     5 |       |       ||    12
       Ring mail         |       |     1 |   194 |    26 ||   221
Dodge: Dodged            |    23 |    32 |   268 |    60 ||   383
